 Dungeon Crawl Stone Soup version 0.22-a0-422-g9628fc8 (webtiles) character file.

2 Jynxie the Ruffian (level 1, 0/16 HPs)
             Began as a Draconian Transmuter on May 22, 2018.
             Slain by a goblin (1 damage)
             ... on level 1 of the Dungeon.
             The game lasted 00:01:16 (148 turns).

Jynxie the Ruffian (Draconian Transmuter)            Turns: 148, Time: 00:01:17

Health: 0/16       AC:  4    Str: 12    XL:     1   Next: 25%
Magic:  2/3        EV: 12    Int: 13    God:
Gold:   23         SH:  0    Dex: 11    Spells: 3/4 levels left

rFire    . . .     SeeInvis .     - Unarmed
rCold    . . .     Gourm    .   (no shield)
rNeg     . . .     Faith    .   (armour unavailable)
rPois    .         Spirit   .   (helmet restricted)
rElec    .         Reflect  .   (no cloak)
rCorr    .         Harm     .   (no gloves)
MR       .....                  (no boots)
Stlth    +.........             f - amulet of inaccuracy (curse)
HPRegen  0.05/turn              (no ring)
MPRegen  0.08/turn              (no ring)

@: appendage (expiring)
A: unfitting armour, horns 2, cold-blooded, AC +4
a: End Transformation


You were on level 1 of the Dungeon.
You were not hungry.
You had grown temporary horns.
You visited 1 branch of the dungeon, and saw 1 of its levels.

You collected 23 gold pieces.

Inventory:

Missiles
 a - 21 arrows
Jewellery
 f - a cursed amulet of inaccuracy (around neck)
Potions
 d - a potion of heal wounds
Comestibles
 c - a ration


   Skills:
 * Level 1.1 Fighting
 + Level 1.8 Dodging
 * Level 3.0 Unarmed Combat
 - Level 2.0 Spellcasting
 + Level 2.0 Transmutations


You had 3 spell levels left.
You knew the following spells:

 Your Spells              Type           Power        Failure   Level  Hunger
a - Beastly Appendage     Tmut           #.....       11%         1    ##.....

Your spell library contained the following spells:

 Spells                   Type           Power        Failure   Level  Hunger
 Spider Form              Tmut/Pois      #.........   45%         3    ####...
 Blade Hands              Tmut           #.........   97%         5    ######.
 Ice Form                 Ice/Tmut       #.......     86%         4    #####..
 Sticks to Snakes         Tmut           #.......     17%         2    ###....


Dungeon Overview and Level Annotations

Branches:
Dungeon (1/15)

Altars:


Innate Abilities, Weirdness & Mutations

Your plain brown scales are hard. (AC +4)
You cannot fit into any form of body armour.
You are cold-blooded and may be slowed by cold attacks.
You have a pair of horns on your head.


Message History

You hit the goblin but do no damage. Your headbutt misses the goblin.
You punch the goblin.
The goblin is severely wounded.
The goblin barely misses you.
You miss the goblin. Your headbutt misses the goblin.
The goblin is severely wounded.
Your transformation is almost over.
The goblin hits you.
* * * LOW HITPOINT WARNING * * *
You miss the goblin.
The goblin is severely wounded.
The goblin hits you.
* * * LOW HITPOINT WARNING * * *
You miss the goblin.
The goblin is severely wounded.
You miss the goblin. Your headbutt misses the goblin.
Your tail-slap misses the goblin.
The goblin is severely wounded.
The goblin hits you.
You die...

## . ... ..
#.######.## #..
#.........# ...
$.........#..#
#.........#.#
#..>...g....####
#....?.@.......#####
.........####..)...#
................#
.........####...#
.........# #...#
#........# #...#
#####..#..###...#
##..........####
#######.......###


You could see a goblin.

Vanquished Creatures
  A frilled lizard (D:1)
  2 kobolds (D:1)
3 creatures vanquished.

Notes
Turn   | Place    | Note
-------+----------+-------------------------------------------
     0 | D:1      | Jynxie the Draconian Transmuter began the quest for the Orb.
     0 | D:1      | Reached XP level 1. HP: 16/16 MP: 3/3
   148 | D:1      | Slain by a goblin

Vault maps used:
D:1:      minmay_arrival_four_houses

Action                   || total
-------------------------++-------
Melee: Unarmed           ||    24
       Tailslap          ||     2
       Punch             ||     1
 Cast: Beastly Appendage ||     3
  Use: Scroll            ||     2
Armor: Skin              ||     3
Dodge: Dodged            ||    11

Table legend:
 A = Spawn XP
 B = Non-spawn XP
 C = Spawn XP percentage of total XP
 D = Spawn monster count
 E = Non-spawn monster count
 F = Spawn count percentage of total count
 G = Total turns spent on level
                    A         B        C        D         E        F      G
               +---------+---------+-------+---------+---------+-------+---------
         Total |       0 |       3 |   0.0 |       0 |       3 |   0.0 |   148
               +---------+---------+-------+---------+---------+-------+---------
           D:1 |       0 |       3 |   0.0 |       0 |       3 |   0.0 |   148
               +---------+---------+-------+---------+---------+-------+---------
